 Dungeon Crawl Stone Soup version 0.22.1-6-g1668fe2 (webtiles) character file.

233 Tiagovsky the Firebug (level 5, -2/44 HPs)
             Began as a Draconian Fire Elementalist on Jan 29, 2019.
             Slain by Pikel
             ... wielding a +1 whip of flaming
              (6 damage)
             ... on level 2 of the Dungeon.
             The game lasted 00:14:54 (4896 turns).

Tiagovsky the Firebug (Draconian Fire Elementalist) Turns: 4896, Time: 00:14:55

Health: -2/44      AC:  4    Str: 10    XL:     5   Next: 75%
Magic:  1/9        EV: 12    Int: 16    God:
Gold:   144        SH:  0    Dex: 12    Spells: 4/10 levels left

rFire    . . .     SeeInvis .   g - -3 halberd (curse)
rCold    . . .     Gourm    .   (shield currently unavailable)
rNeg     . . .     Faith    .   (armour unavailable)
rPois    .         Spirit   .   (helmet restricted)
rElec    .         Reflect  .   c - +0 cloak
rCorr    .         Harm     .   (no gloves)
MR       .....                  o - +0 pair of boots
Stlth    ++........             (no amulet)
HPRegen  0.14/turn              d - -3 ring of protection (curse)
MPRegen  0.11/turn              (no ring)

@: no status effects
A: unfitting armour, cold-blooded, AC +5
a: no special abilities


You were on level 2 of the Dungeon.
You were hungry.

You visited 1 branch of the dungeon, and saw 4 of its levels.

You collected 144 gold pieces.

Inventory:

Hand Weapons
 g - a cursed -3 halberd (weapon)
 h - a +2 flail of venom
 q - a +1 hunting sling
 v - a +0 quarterstaff
 w - a +0 short sword
Missiles
 f - 91 stones (quivered)
 n - 25 sling bullets
Armour
 c - a +0 cloak (worn)
 o - a +0 pair of boots (worn)
Jewellery
 d - a cursed -3 ring of protection (left hand)
Wands
 t - a wand of clouds (7)
Scrolls
 e - 2 scrolls of immolation
 i - a scroll of teleportation
 k - 4 scrolls of identify
Potions
 a - 4 potions of curing
 j - a potion of experience {unknown}
 l - 3 potions of ambrosia {unknown}
 p - a potion of magic {unknown}
 r - a potion of flight {unknown}
 s - 2 potions of haste {unknown}
 u - a potion of might {unknown}
Comestibles
 b - 2 rations


   Skills:
 + Level 2.8 Fighting
 - Level 1.7 Dodging
 - Level 1.7 Stealth
 + Level 3.3 Spellcasting
 + Level 2.8 Conjurations
 + Level 4.1 Fire Magic


You had 4 spell levels left.
You knew the following spells:

 Your Spells              Type           Power        Failure   Level  Hunger
a - Flame Tongue          Conj/Fire      ##...        4%          1    None
b - Throw Flame           Conj/Fire      ##....       6%          2    ##.....
c - Conjure Flame         Conj/Fire      ##......     13%         3    ###....

Your spell library contained the following spells:

 Spells                   Type           Power        Failure   Level  Hunger
 Inner Flame              Hex/Fire       #.......     24%         3    ###....
 Sticky Flame             Conj/Fire      ##......     38%         4    ####...
 Fireball                 Conj/Fire      ##........   75%         5    ######.


Dungeon Overview and Level Annotations

Branches:
Dungeon (4/15)
 Temple: D:4-7

Altars:

Annotations:
D:2 Pikel


Innate Abilities, Weirdness & Mutations

Your plain brown scales are hard. (AC +5)
You cannot fit into any form of body armour.
You are cold-blooded and may be slowed by cold attacks.


Message History

You don't have enough magic to cast that spell.
Casting: Throw Flame (safe; 6% risk of failure)
Confirm with . or Enter, or press ? or * to list all spells.
You don't have enough magic to cast that spell.
You closely miss Pikel.
Pikel is severely wounded.
Pikel says, "You'll fetch a fair price!"
Pikel hits you with a whip of flaming.
* * * LOW HITPOINT WARNING * * *
Pikel burns you.
* * * LOW HITPOINT WARNING * * *
Casting: Throw Flame (safe; 6% risk of failure)
Confirm with . or Enter, or press ? or * to list all spells.
You don't have enough magic to cast that spell.
Pikel hits you with a whip of flaming.
* * * LOW HITPOINT WARNING * * *
Pikel burns you.
* * * LOW HITPOINT WARNING * * *
Pikel hits you with a whip of flaming.
You die...

#.# #.# #.# #.# #####.###
#.# #.......# #####.#
###.......###.....##
#...................
#.#.......###.......
#[#.......###.......
#>K@.)..............
###.......###.......
#.......# ####....
#.......######....
#............#....
#............#....
##########............#....
#.....................#....
#.....................#....


You could see Pikel.

Vanquished Creatures
  3 slaves
  A phantom (D:4)
  3 gnolls (D:2)
  4 adders
  3 leopard geckos
  2 orcs
  13 bats
  5 giant cockroaches
  11 goblins
  6 hobgoblins
  9 jackals
  2 ball pythons
  3 frilled lizards
  7 kobolds
  10 rats
82 creatures vanquished.

Notes
Turn   | Place    | Note
-------+----------+-------------------------------------------
     0 | D:1      | Tiagovsky the Draconian Fire Elementalist began the quest
                  | for the Orb.
     0 | D:1      | Reached XP level 1. HP: 14/14 MP: 3/3
   367 | D:1      | Reached XP level 2. HP: 22/22 MP: 3/5
   443 | D:1      | Reached skill level 1 in Fighting
   827 | D:1      | Reached XP level 3. HP: 28/28 MP: 1/6
  1538 | D:2      | Reached XP level 4. HP: 36/36 MP: 4/8
  2075 | D:2      | Learned a level 2 spell: Throw Flame
  2079 | D:2      | Learned a level 3 spell: Conjure Flame
  3507 | D:3      | Reached XP level 5. HP: 41/41 MP: 7/9
  3885 | D:4      | Noticed a phantom
  3979 | D:4      | Killed a phantom
  3979 | D:4      | Reached skill level 4 in Fire Magic
  4120 | D:4      | Noticed a slave
  4121 | D:4      | Noticed a slave
  4218 | D:4      | Killed a slave
  4219 | D:4      | Noticed a slave
  4222 | D:4      | Noticed a slave
  4296 | D:2      | Killed a slave
  4602 | D:2      | Killed a slave
  4853 | D:4      | Noticed Pikel
  4896 | D:2      | Slain by Pikel

Skill      XL: |  1  2  3  4  5 |
---------------+----------------+-----
Fighting       | 1 2 |  2.8
Conjurations   | 2 |  2.8
Spellcasting   | 3 |  3.3
Fire Magic     | 4 |  4.1
Dodging        | |  1.7
Stealth        | |  1.7

Action                   |  1- 3 |  4- 6 || total
-------------------------+-------+-------++-------
Melee: Unarmed           |    18 |       ||    18
       Tailslap          |     3 |       ||     3
       Short sword       |     4 |       ||     4
       Halberd           |       |     5 ||     5
 Fire: Hunting sling     |     3 |       ||     3
Throw: Stone             |       |    48 ||    48
 Cast: Flame Tongue      |    52 |   108 ||   160
       Throw Flame       |       |    14 ||    14
       Conjure Flame     |       |     2 ||     2
  Use: Scroll            |       |     6 ||     6
  Eat: Chunk             |     3 |     7 ||    10
       Ration            |       |     1 ||     1
Armor: Skin              |    31 |    17 ||    48
Dodge: Dodged            |    63 |    42 ||   105
